 Dungeon Crawl Stone Soup version 0.28.0 (webtiles) character file.

Game seed: 11609698130899755439

3105 Morbidden the Conjurer (level 9, -3/65 HPs)
             Began as a Demonspawn Conjurer on Feb 7, 2022.
             Was a Follower of Cheibriados.
             Slain by a steam dragon (7 damage)
             ... on level 9 of the Dungeon.
             The game lasted 00:18:28 (8062 turns).

Morbidden the Conjurer (Demonspawn Conjurer)        Turns: 8062, Time: 00:18:29

Health: -3/65      AC: 18    Str: 14    XL:     9   Next: 60%
Magic:  16/16      EV: 10    Int: 26    God:    Cheibriados [*.....]
Gold:   139        SH:  0    Dex: 14    Spells: 10/17 levels left

rFire   . . .      SeeInvis .   a - +4 dagger (venom)
rCold   . . .      Faith    .   z - orb {*Rage}
rNeg    . . .      Spirit   .   j - +2 scale mail {rPois}
rPois   +          Reflect  +   (helmet restricted)
rElec   .          Harm     .   (no cloak)
rCorr   .          Rampage  .   k - +0 pair of gloves
Will    .....      Clarity  +   (no boots)
Stlth   ..........              l - amulet of reflection
HPRegen 0.20/turn               h - +4 ring of protection
MPRegen 0.30/turn               x - +4 ring of protection

@: confused, ambrosia-drunk, very slightly contaminated, slowed, very slow
A: hooves 2, ignite blood 1, magic regeneration, big brain 1, antennae 1, large
bone plates 1, clarity, evolution 1
a: Renounce Religion, Bend Time


You were on level 9 of the Dungeon.
You worshipped Cheibriados.
Cheibriados was aware of your devotion.
You visited 2 branches of the dungeon, and saw 10 of its levels.

You collected 502 gold pieces.
You spent 363 gold pieces at shops.

Inventory:

Hand Weapons
 a - a +4 dagger of venom (weapon)
 b - a +3 broad axe of flaming
Armour
 e - the +6 crystal plate armour "Emewalar" {rPois Regen+}
   (You acquired it on level 7 of the Dungeon)

   rPois:     It protects you from poison.
   Regen:     It increases your rate of health regeneration.
 j - a +2 scale mail of poison resistance (worn)
 k - a +0 pair of gloves (worn)
 z - an orb of wrath (worn)
 F - a +2 helmet
Jewellery
 h - a +4 ring of protection (left hand)
 l - an amulet of reflection (around neck)
 x - a +4 ring of protection (right hand)
 A - an amulet of guardian spirit
Wands
 f - a wand of charming (2)
 r - a wand of digging (7)
Scrolls
 c - 5 scrolls of teleportation
 d - a scroll of magic mapping
 p - a scroll of immolation {unknown}
 t - 9 scrolls of identify {unknown}
 u - 2 scrolls of blinking {unknown}
 v - 2 scrolls of noise
 w - 2 scrolls of enchant weapon {unknown}
 y - a scroll of fear {unknown}
 B - a scroll of amnesia {unknown}
 C - a scroll of fog {unknown}
Potions
 g - a potion of heal wounds {unknown}
 i - a potion of magic
 m - a potion of brilliance
 n - a potion of cancellation {unknown}
 s - a potion of mutation
 D - a potion of resistance {unknown}
 E - a potion of haste {unknown}


   Skills:
 * Level 4.2 Fighting
 + Level 2.6 Short Blades
 * Level 1.8 Axes
 + Level 4.0 Armour
 * Level 4.3 Dodging
 + Level 2.3 Stealth
 + Level 1.9 Shields
 * Level 4.8 Spellcasting
 * Level 7.8 Conjurations
 * Level 3.1 Translocations
 * Level 4.3 Invocations


You had 10 spell levels left.
You knew the following spells:

 Your Spells              Type           Power      Damage    Failure   Level
a - Magic Dart            Conj           100%       1d8       1%          1
b - Searing Ray           Conj           94%        2d7       1%          2
c - Iskenderun's Mystic   Conj/Tloc      34%        2d8       32%         4

Your spell library contained the following spells:

 Spells                   Type           Power      Damage    Failure   Level
 Conjure Flame            Conj/Fire      26%        6-21      19%         3
 Dazzling Flash           Conj/Hex       52%        N/A       19%         3
 Fulminant Prism          Conj/Hex       13%        3d9       52%         4
 Sticky Flame             Conj/Fire      26%        2d5       52%         4
 Ignite Poison            Fire/Tmut/Pois 6%         N/A       67%         3


Dungeon Overview and Level Annotations

Branches:
Dungeon (9/15)             Temple (1/1) D:6
   Lair: D:8-11         Orc: D:9-12

Altars:
Ashenzari
Cheibriados
Dithmenos
Elyvilon
Fedhas
Gozag
Kikubaaqudgha
Makhleb
Nemelex Xobeh
Okawaru
Qazlal
Ru
Sif Muna
Trog
Uskayaw
Wu Jian
Xom
Yredelemnul
Zin
The Shining One

Shops:
D:7 (

Annotations:
D:8 2 runed translucent doors
D:9 exclusion: oklob plant


Innate Abilities, Weirdness & Mutations

You have hoof-like feet.
Your demonic aura sometimes causes spilled blood to erupt in flames.
You regenerate magic rapidly.
You have an unusually large brain. (Int +2)
You have a pair of small antennae on your head.
You are partially covered in large bone plates. (SH +4)
You possess an exceptional clarity of mind.
You have hidden genetic potential.


Message History

The orc wizard closely misses you.
Unknown command.
Unknown command.
You cannot move. (Use ctrl+direction or * direction to attack without moving.) Unknown command.
Unknown command.
Unknown command.
You cannot move. (Use ctrl+direction or * direction to attack without moving.) Unknown command.
You cannot move. (Use ctrl+direction or * direction to attack without moving.) Unknown command.
Unknown command.
You cannot move. (Use ctrl+direction or * direction to attack without moving.) Unknown command.
Okay, then.
Unknown command.
It was a potion of magic.
Magic courses through your body.
You are engulfed in a cloud of scalding steam.
The wraith hits you but does no damage.
The orc priest miscasts a cantrip.
The two-headed ogre hits you with a +0 giant spiked club!!
* * * LOW HITPOINT WARNING * * *
The two-headed ogre barely misses you. The steam dragon breathes steam at you.
The ball of steam hits you but does no damage.
The wraith hits you but does no damage.
Okay, then.
Okay, then.
It was a potion of mutation.
You feel extremely strange.
Large bone plates grow over parts of your arms.
A pair of antennae grows on your head!
Your +2 helmet falls away!
You feel a hidden potential growing inside you.
Your thoughts seem clearer.
You are no longer locked in place.
The orc priest closely misses you.
The orc warrior hits you with a +0 flail.
* * * LOW HITPOINT WARNING * * *
The wraith hits you but does no damage. The steam dragon bites you!
You die...

....(...................
........................
........#...............
........#...............
........#............###
.........#..............
.........#..............
.....oODW'[.............
.....co@###########.####
.....ooo#.♣♣#PPPPP#.#PPP
....#...#PPP♣♣♣PPP#.##..
.......§#P...PPP.......#
.....##.#P♣.PPP..≈≈≈≈≈..
..... #.#♣P#....≈≈≈≈≈≈≈.
.... #.##PPP..≈≈≈≈≈≈≈≈≈
.... #.##P.P.≈≈≈≈≈≈≈≈≈≈
##P.#.≈≈≈≈...≈≈≈


You could see a centaur warrior, a two-headed ogre (very poisoned, slow), a
wraith, a steam dragon (slow, catching breath), an orc warrior, an orc priest, 2
orc wizards and an orc.

Vanquished Creatures
  3 hornets
  A water moccasin (D:7)
  2 orc warriors
  A black bear (D:4)
  2 ice beasts
  A sky beast (D:7)
  A hornet zombie (D:8)
  2 necrophages
  An ogre (D:5)
  2 centaurs
  2 bullfrogs
  A scorpion (D:8)
  A water moccasin zombie (D:5)
  4 howler monkeys
  3 centaur zombies
  3 hounds
  4 orc priests
  A bullfrog zombie (D:6)
  A gnoll shaman (D:4)
  2 jellies
  A bullfrog skeleton (D:6)
  Jessica (D:2)
  2 iguanas (D:5)
  7 orc wizards
  2 hound skeletons (D:5)
  A howler monkey zombie (D:9)
  3 gnolls
  3 adders
  A white imp (D:7)
  An ufetubus (D:7)
  2 adder skeletons (D:4)
  A worm (D:2)
  3 dart slugs
  25 orcs
  4 ball pythons
  6 bats
  5 endoplasms
  4 giant cockroaches
  5 goblins
  7 hobgoblins
  4 jackals (D:3)
  3 quokkas
  6 frilled lizards
  12 kobolds
  3 rats
150 creatures vanquished.

Vanquished Creatures (others)
  2 fungi (D:9)
  6 plants
8 creatures vanquished.

Grand Total: 158 creatures vanquished

Notes
Turn   | Place    | Note
-------+----------+-------------------------------------------
     0 | D:1      | Morbidden the Demonspawn Conjurer began the quest for the
                  | Orb.
     0 | D:1      | Reached XP level 1. HP: 13/13 MP: 3/3
   482 | D:1      | Gained mutation: You regenerate magic rapidly. [demonic
                  | ancestry]
   482 | D:1      | Reached XP level 2. HP: 20/20 MP: 3/5
   612 | D:1      | Learned a level 2 spell: Searing Ray
   948 | D:2      | Noticed Jessica
   951 | D:2      | Killed Jessica
   952 | D:2      | Reached skill level 1 in Fighting
   952 | D:2      | Reached XP level 3. HP: 26/26 MP: 2/6
  1013 | D:2      | You fall into a shaft and drop 2 floors!
  1265 | D:3      | Gained mutation: You have an unusually large brain. (Int
                  | +2) [demonic ancestry]
  1265 | D:3      | Reached XP level 4. HP: 29/32 MP: 7/7
  1325 | D:2      | Found a faded altar of an unknown god.
  1684 | D:2      | Found a bloodstained altar of Trog.
  2690 | D:4      | Noticed a black bear
  2705 | D:4      | Noticed a centaur
  2722 | D:4      | Killed a centaur
  2723 | D:4      | Reached skill level 5 in Conjurations
  2723 | D:4      | Gained mutation: You have large cloven feet. [demonic
                  | ancestry]
  2723 | D:4      | Reached XP level 5. HP: 22/38 MP: 9/9
  2726 | D:4      | Noticed a necrophage
  3093 | D:3      | Reached skill level 1 in Short Blades
  3197 | D:3      | Reached skill level 1 in Armour
  3250 | D:4      | Killed a necrophage
  3251 | D:4      | Gained mutation: Your demonic aura sometimes causes spilled
                  | blood to erupt in flames. [demonic ancestry]
  3251 | D:4      | Reached XP level 6. HP: 44/44 MP: 3/10
  3486 | D:4      | Reached skill level 1 in Shields
  3731 | D:4      | Reached XP level 7. HP: 51/51 MP: 8/12
  3946 | D:5      | Entered Level 5 of the Dungeon
  4039 | D:5      | Reached skill level 6 in Conjurations
  5092 | D:6      | Found a staircase to the Ecumenical Temple.
  5115 | Temple   | Entered the Ecumenical Temple
  5205 | Temple   | Became a worshipper of Cheibriados the Contemplative
  5303 | D:6      | Learned a level 4 spell: Iskenderun's Mystic Blast
  5315 | D:6      | Reached XP level 8. HP: 58/58 MP: 7/13
  5578 | D:6      | Reached skill level 1 in Invocations
  5904 | D:8      | Reached skill level 7 in Conjurations
  5914 | D:8      | Reached skill level 1 in Translocations
  5974 | D:8      | Found a runed translucent door.
  5995 | D:7      | Noticed a hornet
  6001 | D:7      | Paralysed by a hornet for 2 turns
  6004 | D:7      | Killed a hornet
  6004 | D:7      | Reached * piety under Cheibriados
  6396 | D:7      | Gained mutation: You have hoof-like feet. [demonic
                  | ancestry]
  6396 | D:7      | Reached XP level 9. HP: 65/65 MP: 6/15
  6586 | D:7      | Found Zoase's Hydra Hut.
  6587 | D:7      | Noticed a six-headed hydra
  6592 | D:7      | Bought a +3 broad axe of flaming for 363 gold pieces
  6681 | D:7      | Identified a scroll of acquirement
  6681 | D:7      | Acquired the +6 crystal plate armour "Emewalar" {rPois
                  | Regen+}
  6893 | D:8      | Reached skill level 1 in Axes
  7307 | D:8      | Found a runed translucent door.
  7811 | D:9      | Found a broken altar of Ashenzari.
  7942 | D:9      | Found a blossoming altar of Fedhas.
  7951 | D:9      | Reached ** piety under Cheibriados
  7979 | D:9      | Noticed an oklob plant
  8043 | D:9      | Noticed a two-headed ogre
  8059 | D:9      | Noticed a centaur warrior
  8061 | D:9      | HP: 2/65 [two-headed ogre (21)]
  8062 | D:9      | Gained mutation: You are partially covered in large bone
                  | plates. (SH +4) [potion of mutation]
  8062 | D:9      | Gained mutation: You have a pair of small antennae on your
                  | head. [potion of mutation]
  8062 | D:9      | Gained mutation: You have hidden genetic potential. [potion
                  | of mutation]
  8062 | D:9      | Gained mutation: You possess an exceptional clarity of
                  | mind. [potion of mutation]
  8062 | D:9      | Slain by a steam dragon

Illustrated notes

Levels and vault maps discovered:
D:1:      minmay_arrival_diagonal_passages, layout_basic, serial_curves,
          eino_curves_03, eino_curves_03, eino_curves_02, eino_curves_03
D:2:      layout_basic, basic_altar, ebering_ecumenical_altar_rust,
          minmay_bisected, uniq_jessica
D:3:      layout_basic
D:4:      layout_cave_pools
D:5:      layout_rooms
D:6:      layout_basic, minmay_temple_entry_large_hall
D:7:      layout_basic, doesnt_shop_hydraphobe
D:8:      cheibrodos_histonic, layout_loops_ring
D:9:      layout_basic, mainiacjoe_overflow_surrounded_room, tgw_fedhas,
          lair_entry_dummy
Temple:   compressed_dpeg_circular_temple

Skill      XL: |  1  2  3  4  5  6  7  8  9 |
---------------+----------------------------+-----
Fighting       | 1 2 3 4 |  4.2
Dodging        | 2 3 4 |  4.3
Spellcasting   | 3 4 |  4.8
Conjurations   | 5 6 7 |  7.8
Short Blades   | 1 2 |  2.6
Armour         | 1 2 3 4 |  4.0
Stealth        | 2 |  2.3
Shields        | 1 |  1.9
Invocations    | 3 4 |  4.3
Translocations | 1 3 |  3.1
Axes           | 1 |  1.8

Action                   |  1- 3 |  4- 6 |  7- 9 || total
-------------------------+-------+-------+-------++-------
Melee: Unarmed           |     6 |       |       ||     6
       Short sword       |    17 |   124 |    88 ||   229
       Kick              |       |     7 |    43 ||    50
       Punch             |       |     1 |       ||     1
       Dagger            |       |       |    50 ||    50
       Broad axe         |       |       |     1 ||     1
 Cast: Magic Dart        |    50 |    47 |    73 ||   170
       Searing Ray       |     1 |     3 |    29 ||    33
       Iskenderun's Myst |       |       |     2 ||     2
Invok: Bend Time         |       |       |     1 ||     1
Evoke: Wand              |       |       |     5 ||     5
  Use: Scroll            |       |     2 |     3 ||     5
       Potion            |       |     1 |     5 ||     6
Armor: Scale mail        |    28 |   137 |   137 ||   302
       Robe              |     1 |       |       ||     1
Dodge: Dodged            |    18 |    67 |    83 ||   168
Block: Other             |       |    28 |    15 ||    43
       Reflection        |       |     3 |     1 ||     4
       Orb               |       |       |    33 ||    33
